Map: [ESL] Ghost River

Players

trigger

  • Race: Protoss Protoss
  • Spawn Location: 1:00

Spirit - Winner!

  • Race: Terran Terran
  • Spawn Location: 11:00

Event: ESL Spring 2024 Finals

VOD

Have the link to the VOD?

Description

Time

  • Played on: May 31, 2024, 5:24 p.m.
  • Length: 14:10

All games in this series

Show
View Real Time Build Order
Export as new Build Order

trigger Protoss 

Build Orders: 1 Gate Expand, Blink Stalkers 

Get SALT Encoding   

  12  0:00  Probe  
  13  0:12  Probe  
  14  0:17  Pylon  
  14  0:24  Probe (Chrono Boost)  
  15  0:36  Probe (Chrono Boost)  
  15  0:38  Gateway  
  16  0:44  Probe (Chrono Boost)  
  16  0:46  Assimilator  
  17  0:51  Probe  
  18  1:03  Probe  
  19  1:15  Probe  
  20  1:25  Cybernetics Core  
  20  1:33  Nexus  
  20  1:41  Pylon  
  20  1:42  Probe  
  21  1:48  Assimilator  
  21  1:55  Probe  
  21  1:58  Adept (Chrono Boost)  
  24  2:01  Warp Gate  
  24  2:07  Probe  
  25  2:18  Adept (Chrono Boost)  
  25  2:19  Probe  
  28  2:30  Twilight Council  
  28  2:31  Probe  
  29  2:40  Stalker  
  31  2:45  Probe  
  31  2:46  Probe  
  33  2:57  Probe  
  34  2:58  Probe  
  34  3:00  Blink (Chrono Boost)  
  34  3:01  Gateway  
  35  3:09  Probe  
  35  3:11  Probe  
  37  3:21  Probe  
  37  3:23  Probe  
  37  3:26  Robotics Facility  
  39  3:33  Probe  
  40  3:35  Probe  
  40  3:38  Gateway  
  40  3:40  Gateway  
  41  3:45  Probe  
  41  3:46  Pylon  
  42  3:49  Probe  
  42  3:50  Stalker  
  45  3:57  Probe  
  45  4:00  Assimilator  
  46  4:04  Probe  
  46  4:05  Pylon  
  46  4:06  Stalker  
  49  4:10  Warp Prism (Chrono Boost)  
  49  4:16  Probe  
  52  4:21  Pylon  
  52  4:23  Stalker  
  54  4:28  Probe  
  54  4:29  Stalker  
  57  4:32  Stalker  
  57  4:35  Stalker  
  61  4:48  Observer  
  63  4:53  Pylon  
  63  4:57  Stalker x3  
  63  4:59  Stalker  
  70  5:11  Probe, Pylon  
  70  5:12  Probe  
  71  5:20  Stalker x3  
  75  5:30  Probe x2  
  75  5:42  Probe  
  76  5:45  Stalker x4  
  80  5:57  Probe x2  
  82  6:09  Probe  
  83  6:12  Forge  
  83  6:14  Gateway  
  83  6:15  Charge, Gateway  
  83  6:17  Probe  
  84  6:19  Nexus  
  84  6:38  Probe (Chrono Boost)  
  79  6:44  Probe (Chrono Boost)  
  79  6:46  Protoss Ground Weapons Level 1  
  80  6:50  Probe (Chrono Boost)  
  80  6:51  Gateway  
  81  6:56  Immortal (Chrono Boost)  
  81  6:58  Probe (Chrono Boost)  
  86  7:02  Pylon  
  86  7:11  Probe  
  86  7:21  Probe (Chrono Boost)  
  87  7:24  Zealot x3, Photon Cannon  
  87  7:25  Probe (Chrono Boost)  
  93  7:31  Probe (Chrono Boost)  
  93  7:32  Zealot x2, Immortal (Chrono Boost)  
  93  7:33  Sentry  
  106  7:38  Robotics Bay, Probe (Chrono Boost)  
  106  7:40  Probe (Chrono Boost)  
  106  7:41  Probe (Chrono Boost)  
  105  7:45  Probe  
  105  7:47  Probe  
  104  7:53  Probe  
  104  7:56  Shield Battery  
  104  7:57  Probe, Pylon  
  106  7:59  Probe  
  106  8:05  Probe  
  108  8:10  Probe  
  107  8:14  Probe  
  106  8:21  Zealot x5  
  106  8:22  Zealot  
  114  8:33  Nexus  
  100  8:34  Colossus (Chrono Boost)  
  100  8:39  Probe x2  
  106  8:41  Pylon  
  106  8:48  Zealot x4  
  108  9:00  Zealot x2  
  108  9:01  Probe x3  
  115  9:07  Extended Thermal Lance  
  107  9:16  Zealot  
  107  9:17  Zealot x3, Colossus (Chrono Boost)  
  119  9:21  Zealot x2  
  119  9:23  Pylon  
  125  9:26  Pylon  
  115  9:38  Zealot x5  
  115  9:41  Protoss Ground Weapons Level 2 (Chrono Boost)  
  125  9:46  Probe x2  
  125  9:49  Forge  
  125  9:50  Observer  
  127  9:55  Warp Prism (Chrono Boost)  
  129  10:00  Probe x2  
  129  10:01  Probe x2  
  133  10:10  Zealot x2  
  133  10:11  Zealot  
  138  10:19  Probe  
  136  10:21  Protoss Ground Armor Level 1 (Chrono Boost)  
  136  10:22  Probe  
  137  10:29  Observer, Colossus (Chrono Boost)  
  143  10:40  Stalker x5  
  143  10:41  Pylon  
  153  10:43  Pylon  
  153  10:45  Pylon  
  153  10:46  Pylon  
  153  10:47  Photon Cannon  
  153  10:48  Pylon  
  149  11:04  Gateway  
  144  11:08  Zealot x7  
  158  11:12  Warp Prism (Chrono Boost)  
  158  11:14  Robotics Facility, Probe x3  
  158  11:16  Assimilator  
  161  11:25  Probe  
  162  11:26  Probe  
  162  11:27  Assimilator  
  162  11:31  Probe  
  160  11:43  Zealot  
  160  11:44  Zealot x6  
  174  11:49  Probe  
  169  12:00  Nexus  
  163  12:06  Stalker x5  
  163  12:07  Stalker x3  
  177  12:28  Disruptor  
  181  12:31  Gateway  
  181  12:32  Pylon  
  181  12:35  Pylon  
  181  12:43  Disruptor  
  181  12:51  Zealot x8  
  119  13:04  Disruptor (Chrono Boost)  
  92  13:12  Stalker x4, Zealot x2  
  86  13:13  Zealot  
  87  13:24  Zealot  
  74  13:34  Observer (Chrono Boost)  
  74  13:41  Stalker x2, Zealot x3  
  73  13:42  Zealot x2  
  73  13:43  Probe  
  73  13:44  Probe  
  78  13:53  Stalker  
  78  13:55  Probe (Chrono Boost)  
  79  13:57  Probe (Chrono Boost)  
  79  14:00  Probe (Chrono Boost)  
Show
View Real Time Build Order
Export as new Build Order

Spirit Terran - Winner!

Build Orders: Cyclone Opening 

Get SALT Encoding   

  12  0:00  SCV  
  13  0:12  SCV  
  14  0:17  Supply Depot  
  14  0:24  SCV  
  15  0:38  SCV  
  15  0:41  Barracks  
  16  0:44  Refinery  
  16  0:50  SCV  
  17  1:03  SCV  
  18  1:15  SCV  
  19  1:27  Marine  
  19  1:28  Orbital Command  
  20  1:41  Command Center  
  20  1:45  Reaper  
  21  1:50  Supply Depot  
  21  1:53  SCV  
  22  2:06  SCV  
  22  2:08  Factory  
  23  2:11  Refinery  
  23  2:17  Marine  
  23  2:18  SCV  
  25  2:23  Bunker  
  25  2:30  SCV  
  25  2:36  Barracks Reactor  
  26  2:42  SCV  
  27  2:52  Cyclone  
  27  2:53  Orbital Command  
  27  2:54  SCV  
  30  2:58  Starport  
  30  3:06  SCV  
  31  3:15  Marine  
  31  3:16  Supply Depot  
  31  3:18  Marine  
  31  3:19  SCV x2  
  32  3:24  Factory Tech Lab  
  32  3:31  SCV x2  
  32  3:33  Marine  
  35  3:35  Marine  
  36  3:43  SCV x2  
  38  3:50  Cloaking Field, Banshee  
  38  3:51  Marine  
  38  3:55  SCV x2  
  44  4:03  Factory Tech Lab  
  44  4:04  Supply Depot  
  44  4:07  SCV x2  
  44  4:08  Marine  
  44  4:09  Marine, Barracks  
  48  4:19  SCV x2  
  48  4:21  Siege Tank  
  53  4:25  Barracks  
  53  4:30  Engineering Bay  
  53  4:31  SCV x2  
  53  4:33  Supply Depot  
  53  4:37  Banshee  
  58  4:42  Bunker  
  58  4:43  SCV x2  
  60  4:49  Marine x2  
  60  4:51  Supply Depot  
  62  4:53  Refinery  
  62  4:57  Siege Tank  
  63  5:02  Barracks Tech Lab  
  63  5:03  SCV  
  63  5:06  SCV  
  62  5:15  SCV  
  62  5:18  SCV  
  64  5:21  Marine  
  64  5:22  Marine x2  
  64  5:26  Marine  
  64  5:27  SCV  
  69  5:31  Refinery  
  69  5:42  Marine  
  70  5:44  Marine  
  70  5:45  Supply Depot  
  70  5:48  Supply Depot  
  70  5:50  SCV  
  70  5:51  Barracks Tech Lab  
  70  5:53  SCV  
  70  5:59  Starport Reactor  
  70  6:03  Barracks Tech Lab  
  70  6:07  SCV, Siege Tank  
  70  6:09  Command Center  
  70  6:10  Stimpack  
  70  6:11  Marauder  
  76  6:19  Barracks  
  76  6:20  Supply Depot x2, Barracks  
  76  6:22  SCV  
  76  6:23  Missile Turret  
  76  6:24  Combat Shield  
  75  6:34  Marine  
  75  6:35  Marauder  
  75  6:36  Marine  
  75  6:37  Marauder  
  75  6:38  SCV  
  79  6:45  Medivac  
  81  6:50  SCV  
  81  6:52  Factory Reactor  
  81  6:54  Marine  
  81  6:56  SCV, Refinery, Marauder  
  81  6:57  Terran Infantry Weapons Level 1  
  81  6:58  Marauder  
  87  7:02  SCV  
  87  7:03  Marine  
  87  7:04  Supply Depot  
  87  7:07  Barracks Reactor  
  87  7:08  Barracks Tech Lab  
  89  7:12  SCV, Marine  
  91  7:17  Marauder  
  91  7:21  Orbital Command  
  91  7:22  SCV  
  94  7:23  Marine, Medivac  
  94  7:24  Marine  
  94  7:29  Medivac  
  97  7:33  Marine  
  97  7:34  Marauder, Widow Mine  
  104  7:37  SCV, Widow Mine  
  104  7:38  SCV, Marine  
  104  7:42  Marine  
  104  7:43  Marauder  
  110  7:49  Orbital Command  
  111  7:53  Marine, Medivac  
  111  7:55  SCV, Marauder  
  111  7:57  Widow Mine  
  120  7:58  Widow Mine  
  120  8:04  Medivac  
  123  8:05  SCV  
  123  8:07  Missile Turret, Marauder  
  125  8:18  Marine  
  125  8:19  SCV  
  125  8:20  SCV x2, Marauder  
  125  8:22  Marine  
  125  8:23  Marine  
  125  8:24  Marauder  
  124  8:28  Widow Mine  
  124  8:29  Medivac  
  124  8:30  Widow Mine  
  124  8:31  SCV  
  124  8:32  SCV  
  124  8:39  Marine  
  125  8:42  Marauder x2  
  125  8:47  Viking  
  129  8:50  Marauder, Widow Mine  
  129  8:53  SCV, Marine  
  133  8:55  Marine  
  133  8:56  SCV  
  133  9:00  Widow Mine  
  133  9:01  SCV  
  138  9:03  Marine, Marauder  
  141  9:13  Supply Depot  
  141  9:14  Supply Depot  
  141  9:15  Supply Depot  
  141  9:23  SCV x3, Marauder, Widow Mine, Terran Infantry Armor Level 1  
  148  9:24  Marine, Ghost Academy  
  149  9:34  Marine  
  149  9:35  SCV x3  
  150  9:41  Viking x2  
  153  9:47  SCV  
  153  9:49  SCV, Command Center  
  155  9:53  SCV  
  155  9:54  Ghost  
  155  9:59  SCV  
  155  10:00  Refinery  
  155  10:01  SCV, Refinery  
  155  10:04  Sensor Tower  
  155  10:05  SCV  
  157  10:07  Supply Depot  
  157  10:11  SCV  
  157  10:14  SCV  
  159  10:17  Viking  
  159  10:18  Viking  
  159  10:19  Marine, Marauder  
  164  10:32  Missile Turret  
  164  10:33  Missile Turret  
  164  10:34  Marine, Armory  
  164  10:35  SCV, Marauder  
  168  10:36  SCV, Engineering Bay  
  168  10:40  Missile Turret, Marauder  
  168  10:42  Concussive Shells  
  169  10:47  Viking  
  169  10:48  Viking  
  173  10:50  Ghost  
  172  10:58  SCV  
  172  11:02  SCV x2  
  175  11:05  Ghost  
  175  11:09  Supply Depot  
  177  11:16  Refinery  
  177  11:17  Refinery, Viking  
  177  11:18  SCV, Missile Turret, Viking  
  177  11:19  Ghost, Sensor Tower  
  182  11:29  Ghost  
  182  11:30  SCV  
  179  11:38  Planetary Fortress  
  179  11:40  SCV, Barracks  
  179  11:42  Barracks  
  179  11:43  Marine, Marauder  
  179  11:47  Medivac  
  183  11:50  Ghost  
  183  11:53  Marine  
  184  11:58  Marauder  
  184  12:00  Marine  
  182  12:02  SCV  
  182  12:04  Marauder  
  182  12:05  SCV, Marine  
  182  12:07  Marine  
  180  12:08  SCV  
  180  12:12  Marine  
  180  12:15  SCV  
  181  12:17  SCV, Medivac  
  181  12:19  Ghost, Marauder  
  181  12:20  SCV  
  181  12:22  Medivac  
  181  12:26  Marauder  
  181  12:27  SCV  
  181  12:29  SCV  
  185  12:33  SCV  
  185  12:35  Barracks Tech Lab x2  
  186  12:39  SCV, Ghost  
  186  12:41  SCV  
  186  12:45  SCV  
  186  12:47  Marauder  
  186  12:48  Medivac  
  186  12:51  SCV, Marine  
  179  12:52  Marauder  
  179  12:53  SCV  
  179  12:56  Marine  
  179  12:57  SCV  
  169  13:03  SCV, Medivac  
  169  13:04  Marine  
  169  13:05  Marine, Marauder  
  160  13:06  Marauder  
  160  13:07  SCV  
  160  13:08  Marine  
  160  13:09  Marine, Marauder  
  164  13:13  SCV, Marauder  
  164  13:14  Marine  
  164  13:18  Medivac  
  170  13:21  Marine  
  170  13:22  Marine  
  170  13:26  Ghost, Marauder  
  176  13:28  Marauder  
  176  13:30  Marine, Marauder  
  176  13:33  Marine, Medivac  
  177  13:34  Marauder  
  177  13:39  Marine  
  174  13:46  Command Center  
  174  13:48  Marauder  
  178  13:50  Marine  
  178  13:52  Marine  
Tags
 
Add a new tag
Caveats
  • Supply blocks, unpowered buildings, or Contaminate may cause inaccurate times.
  • Supply counts are checked every 10 seconds.